 Dungeon Crawl Stone Soup version 0.30-a0-279-g4b46babb21 (webtiles) character file.

Game seed: 10276622464073680947

35 mandarbmax the Trooper (level 3, -1/20 HPs)
             Began as a Vine Stalker Fighter on Oct 16, 2022.
             Slain by a gnoll
             ... wielding a +0 halberd
              (7 damage)
             ... on level 2 of the Dungeon.
             The game lasted 00:03:15 (1021 turns).

mandarbmax the Trooper (Vine Stalker Fighter)       Turns: 1021, Time: 00:03:16

Health: -1/20      AC:  5    Str: 18    XL:     3   Next: 33%
Magic:  0/4        EV: 10    Int:  8    God:
Gold:   49         SH:  5    Dex: 15    Spells: 2/2 levels left

rFire   . . .      SeeInvis .    a - +0 rapier
rCold   . . .      Faith    .    c - +0 buckler
rNeg    . . .      Spirit   +    l - +0 ring mail
rPois   .          Reflect  .    (no helmet)
rElec   .          Harm     .    (no cloak)
rCorr   .          Rampage  .    (no gloves)
Will    .....                    (no boots)
Stlth   +.........               (no amulet)
HPRegen 0.23/turn                (no ring)
MPRegen 0.09/turn                (no ring)

@: mighty
A: fangs 2, magic shield, antimagic bite, no potion heal 2
a: no special abilities


You were on level 2 of the Dungeon.
You visited 1 branch of the dungeon, and saw 2 of its levels.

You collected 49 gold pieces.

Inventory:

Hand Weapons
 a - a +0 rapier (weapon)
Missiles
 e - 15 atropa-tipped darts (quivered)
Armour
 b - a +0 scale mail
 c - a +0 buckler (worn)
 l - a +0 ring mail (worn)
Potions
 d - 3 potions of might
 f - a potion of brilliance


   Skills:
 - Level 3.0 Fighting
 + Level 2.3 Short Blades
 + Level 2.8 Armour
 - Level 3.0 Shields


You had 2 spell levels left.
You didn't know any spells.
Your spell library was empty.

Dungeon Overview and Level Annotations

Branches:
Dungeon (2/15)

Altars:


Innate Abilities, Weirdness & Mutations

You have extremely sharp teeth.
When hurt, damage is shared between your health and your magic reserves.
Your bite disrupts and absorbs the magic of your enemies.
Potions cannot restore your health.


Message History

The gnoll hits your butterfly with a +0 club!
Your butterfly dies!
Your butterfly disappears in a burst of colours!
The gnoll closely misses your butterfly.
The gnoll misses your butterfly.
The gnoll hits your butterfly with a +0 club.
Your butterfly dies!
Your butterfly disappears in a burst of colours!
The gnoll hits your butterfly with a +0 club.
Your butterfly dies!
Your butterfly disappears in a burst of colours!
You feel very mighty all of a sudden.
The gnoll closely misses your butterfly.
Your butterfly disappears in a burst of colours!
The gnoll barely misses your butterfly. The gnoll misses your butterfly.
The gnoll completely misses your butterfly.
Unknown command.
The gnoll closely misses your butterfly.
The gnoll closely misses your butterfly.
There are monsters nearby!
There are monsters nearby!
You don't know any spells.
You swap places.
Your butterfly disappears in a burst of colours!
The gnoll hits you with a +0 club.
You puncture the gnoll! Your bite misses the gnoll.
The gnoll is almost dead.
The gnoll closely misses you.
You puncture the gnoll!
You kill the gnoll!
You barely miss the gnoll.
The gnoll is heavily wounded.
The gnoll hits you with a +0 club!
* * * LOW HITPOINT WARNING * * *
You block the gnoll's attack. The gnoll barely misses you. x2
You puncture the gnoll!
You kill the gnoll!
The gnoll hits you from afar with a +0 halberd!
You die...

*,*,*** ,,>,,,*****
*,,,,,,,,,* *,,**,***,*
*,,**,* *,****####
*,,,,,* *,*,,,,..#
*#.#*** *,*,***#.# #.#
*,*,* #.# #.#*****+*,*
#@# #.#,,,,,,,,* #)#
#.#,,,,,,,,* #g#
#.#,,,,,,,,* #g#
#.#,,,,,,,,* #.#
#.#,,,,,...####)#######
##.####**,#bbbb....b?..#
......# *,######.###b###
#..##.# *,,,,,,b.b,*,*


You could see 2 gnolls.

Vanquished Creatures
  2 gnolls (D:2)
  A dart slug (D:1)
  An endoplasm (D:1)
  3 giant cockroaches (D:1)
  A goblin (D:1)
  7 jackals (D:1)
  2 ball pythons (D:1)
  2 frilled lizards (D:1)
  A kobold (D:1)
  2 rats
22 creatures vanquished.

Notes
Turn   | Place    | Note
-------+----------+-------------------------------------------
     0 | D:1      | mandarbmax the Vine Stalker Fighter began the quest for the
                  | Orb.
     0 | D:1      | Reached XP level 1. HP: 11/11 MP: 2/2
   143 | D:1      | Reached XP level 2. HP: 16/16 MP: 3/3
   480 | D:1      | Reached XP level 3. HP: 16/20 MP: 2/4
  1021 | D:2      | Slain by a gnoll

Illustrated notes

Levels and vault maps discovered:
D:1:      nagdon_arrival_zigzag_paths, layout_basic
D:2:      layout_basic, minmay_misc_feat_tower

Skill      XL: |  1  2 |
---------------+-------+-----
Short Blades   | 2 |  2.3
Fighting       | 3 |  3.0
Shields        | 3 |  3.0
Armour         | |  2.8

Action                   || total
-------------------------++-------
Melee: Rapier            ||    75
       Bite              ||    15
  Use: Scroll            ||     5
       Potion            ||     1
Armor: Scale mail        ||    46
       Ring mail         ||     2
Dodge: Dodged            ||    38
Block: Buckler           ||    20

Table legend: (Time is in decaauts)
 A = Elapsed time spent in this place.
 B = Non-inter-level travel time spent in this place.
 C = Inter-level travel time spent in this place.
 D = Time resting spent in this place.
 E = Time spent auto-exploring this place.
 F = Levels seen in this place.
 G = Mean time per level.
                   A        B        C        D        E       F      G
               +--------+--------+--------+--------+--------+-----+--------+
         Total |   1030 |    963 |     67 |     11 |    752 |   2 |  515.0 |
       Dungeon |   1030 |    963 |     67 |     11 |    752 |   2 |  515.0 |
               +--------+--------+--------+--------+--------+-----+--------+

Top non-repeatable levels by time:
     D:1: 918 daAuts
     D:2: 112 daAuts
